 Dungeon Crawl Stone Soup version 0.31-a0-188-g5e087ee2ca (webtiles) character file.

Game seed: 13955930682511369143

26 qw the Shooter (level 2, -2/16 HPs)
             Began as a Deep Elf Hunter on June 23, 2023.
             Slain by a goblin
             ... wielding a +0 club
             ... led by Robin
              (5 damage)
             ... on level 2 of the Dungeon.
             The game lasted 00:00:12 (975 turns).

qw the Shooter (Deep Elf Hunter)                     Turns: 975, Time: 00:00:12

Health: -2/16      AC:  3    Str:  8    XL:     2   Next: 89%
Magic:  4/4        EV: 12    Int: 13    God:
Gold:   43         SH:  0    Dex: 18    Spells: 1/1 levels left

rFire   . . .        Y - +0 shortbow
rCold   . . .        (shield currently unavailable)
rNeg    . . .        c - +0 leather armour
rPois   .            (no helmet)
rElec   .            (no cloak)
rCorr   .            (no gloves)
SInv    .            (no boots)
Will    .....        (no amulet)
Stlth   ++           (no ring)
HPRegen 0.22/turn    (no ring)
MPRegen 0.09/turn

%: no passive effects
@: no status effects
A: no striking features
a: no special abilities


You were on level 2 of the Dungeon.
You visited 1 branch of the dungeon, and saw 2 of its levels.

You collected 43 gold pieces.


   Skills:
 - Level 1.5 Fighting
 + Level 6.6 Ranged Weapons
 - Level 2.4 Dodging
 - Level 1.2 Stealth


You had one spell level left.
You didn't know any spells.
Your spell library was empty.

Inventory:

Hand Weapons
 Y - a +0 shortbow (weapon)
Armour
 c - a +0 leather armour (worn)
Scrolls
 a - 2 scrolls of identify
Potions
 b - a potion of might {unknown}
 f - a potion of curing {unknown}
 g - a potion of enlightenment

Dungeon Overview and Level Annotations

Branches:
Dungeon (2/15)

Altars:

Shops:
D:1 =

Annotations:
D:2 Robin


Message History

Enter note:
Enter note: You shoot an arrow.
The arrow barely misses the goblin.
The goblin shouts!
The arrow hits Robin.
Robin is lightly wounded.
A quokka comes into view.
The goblin hits you with a +0 dagger.
The quokka moves out of view.
You shoot an arrow. The arrow closely misses the goblin.
The arrow hits Robin!
Robin is heavily wounded.
Robin throws the goblin at you! The goblin closely misses you. x2
You shoot an arrow. The arrow hits the goblin.
You kill the goblin!
Robin roars a battlecry!
The goblins go into a battle-frenzy!
The goblin hits you with a +0 club. x2; The goblin closely misses you.
You shoot an arrow. The arrow closely misses the goblin.
The arrow hits Robin.
Robin is severely wounded.
The goblin misses you. The goblin closely misses you.
You shoot an arrow. The arrow barely misses the goblin.
The arrow hits Robin.
Robin is almost dead.
The goblin closely misses you. x2
You shoot an arrow. The arrow hits the goblin.
You kill the goblin!
The goblin barely misses you.
You shoot an arrow. The arrow closely misses the hobgoblin.
The arrow completely misses Robin.
The arrow misses the goblin.
The goblin barely misses you. The hobgoblin barely misses you.
You shoot an arrow. The arrow barely misses the hobgoblin.
The arrow hits Robin but does no damage.
Robin is almost dead.
The hobgoblin closely misses you. The goblin hits you with a +0 club.
You shoot an arrow. The arrow hits the hobgoblin!
You kill the hobgoblin!
The goblin closely misses you.
Robin says, "A pitiful Elf like you will never find the ORB!"
You shoot an arrow. The arrow hits the goblin.
You kill the goblin!
The goblin hits you with a +0 club.
You die...

###+#......###.....#
#......###.###.....#
#......###..##..).#
#......+.......##.# ##
#......#####...##.#####..
##.......##....##.##.....
#.............#....##.....
#.#.#####g##..<#....#.....
#... #@######.##.#.....
### #)# #....'.....


ggg ######.##..... rgg..+......###'#.. ......######## #.... .......# #######...
........# #....¤¤... .........# #...¤¤¤.¤. #...¤.¤..^ You could see Robin, a
quokka, 2 hobgoblins and 3 goblins.

Vanquished Creatures
  3 dart slugs
  2 ball pythons
  5 endoplasms
  A giant cockroach (D:2)
  2 hobgoblins
  A quokka (D:1)
  A bat (D:1)
  4 goblins (D:2)
19 creatures vanquished.

Notes
Turn   | Place    | Note
-------+----------+-------------------------------------------
     0 | D:1      | qw the Deep Elf Hunter began the quest for the Orb.
     0 | D:1      | Reached XP level 1. HP: 12/12 MP: 3/3
     0 | D:1      | 0 ||| qw: Version: 0.3-a-9-g12657ce
     0 | D:1      | 0 ||| qw: Game counter: 4194
     0 | D:1      | 0 ||| qw: Always use a shield: true
     0 | D:1      | 0 ||| qw: God list: Okawaru
     0 | D:1      | 0 ||| qw: Allow faded altars: false
     0 | D:1      | 0 ||| qw: Do Orc after D:15 true
     0 | D:1      | 0 ||| qw: Do second Lair branch before Depths: true
     0 | D:1      | 0 ||| qw: Lair rune preference: random
     0 | D:1      | 0 ||| qw: Plans: Normal
     0 | D:1      | 0 ||| PLANNING D:1-11
   448 | D:1      | Found Ecoqupiz's Jewellery Boutique.
   457 | D:1      | 457 ||| SHOPLISTING +4 ring of protection (504 gold, have
                  | 24).
   457 | D:1      | 457 ||| SHOPLISTING +5 ring of evasion (504 gold, have 24).
   457 | D:1      | 457 ||| SHOPLISTING amulet "Lautt" {Acrobat Int+3} (606
                  | gold, have 24).
   457 | D:1      | 457 ||| SHOPLISTING ring of fire (350 gold, have 24).
   457 | D:1      | 457 ||| SHOPLISTING ring of resist corrosion (280 gold,
                  | have 24).
   561 | D:1      | Reached skill level 6 in Ranged Weapons
   561 | D:1      | Reached XP level 2. HP: 16/16 MP: 4/4
   817 | D:1      | 817 ||| READING 2 scrolls labelled DAPUPR TANOLE.
   818 | D:1      | 818 ||| READING scroll labelled WEATREIXAR.
   823 | D:1      | 823 ||| DRINKING 2 emerald potions.
   824 | D:1      | 824 ||| DROPPING scroll of butterflies.
   898 | D:2      | Found a faded altar of an unknown god.
   965 | D:2      | Noticed Robin
   973 | D:2      | HP: 2/16 [goblin/+0 club[Robin] (6)]
   975 | D:2      | Slain by a goblin

Levels and vault maps discovered:
D:1:      lemuel_arrival_rhombus, layout_loops_corners, serial_shops,
          nicolae_lakefront_shop
D:2:      layout_basic, ebering_ecumenical_altar_mist, uniq_natasha, uniq_robin

Skill      XL: |  1 |
---------------+----+-----
Ranged Weapons | 6 |  6.6
Fighting       | |  1.5
Dodging        | |  2.4
Stealth        | |  1.2

Action                     || total
---------------------------++-------
   Fire: Shortbow          ||    43
    Use: Scroll            ||     2
         Potion            ||     1
 Armour: Leather armour    ||     1
  Dodge: Dodged            ||    16

Table legend:
 A = Non-vault XP
 B = Vault XP
 C = Vault XP percentage of total XP
 D = Non-vault monster count
 E = Vault monster count
 F = Vault count percentage of total count
                 A         B        C        D         E       F
            +---------+---------+-------+---------+---------+-------
      Total |      33 |       7 |  17.5 |      15 |       4 |  21.1
            +---------+---------+-------+---------+---------+-------
        D:1 |      17 |       0 |   0.0 |       8 |       0 |   0.0
        D:2 |      16 |       7 |  30.4 |       7 |       4 |  36.4
            +---------+---------+-------+---------+---------+-------
